 Dungeon Crawl Stone Soup version 0.31-a0-1522-g43313d8a59 (webtiles) character file.

Game seed: 17786631943554749698

51 Ofeo the Changeling (level 3, 0/36 HPs)
             Began as an Oni Shapeshifter on Dec 31, 2023.
             Slain by Grinder (2 damage)
             ... on level 3 of the Dungeon.
             The game lasted 00:01:47 (1935 turns).

Ofeo the Changeling (Oni Shapeshifter)              Turns: 1935, Time: 00:01:48

Health: 0/36       AC:  3    Str: 28    XL:     3   Next: 83%
Magic:  3/3        EV: 15    Int: 11    God:
Gold:   75         SH:  0    Dex: 10    Spells: 2/2 levels left

rFire   . .          .
                       - Unarmed
rCold   . . .        (no shield)
rNeg    . . .        a - +0 animal skin
rPois   .            (helmet currently unavailable)
rElec   .            (cloak currently unavailable)
rCorr   .            (gloves unavailable)
SInv    .            (boots unavailable)
Will    .....        (no amulet)
Stlth   +            i - +6 ring of strength
HPRegen 0.26/turn    b - ring "Ohujoar" {EV+5 Str+4}
MPRegen 0.08/turn

%: no passive effects
@: beast-form
A: beast (slay +1), large, unfitting armour, horns 1, tough skin 1, double
potion healing, drunken brawling
a: Begin Untransformation


You were on level 3 of the Dungeon.
You were a hulking beast.
You visited 1 branch of the dungeon, and saw 3 of its levels.

You collected 75 gold pieces.

Inventory:

Armour
 a - a +0 animal skin (worn)
Jewellery
 b - the ring "Ohujoar" (right hand) {EV+5 Str+4}
   (You acquired it on level 2 of the Dungeon)

   [ring of evasion]

   EV+5:      It affects your evasion (+5).
   Str+4:     It affects your strength (+4).
 i - a +6 ring of strength (left hand)
Talismans
 c - a beast talisman
 d - a flux talisman
Wands
 j - a wand of digging (8) {@v1}
Scrolls
 e - a scroll of noise
 f - a scroll of amnesia {unknown}
Potions
 l - a potion of lignification


   Skills:
 + Level 2.5 Fighting
 + Level 2.3 Dodging
 + Level 3.1 Unarmed Combat
 + Level 3.3 Shapeshifting


You had 2 spell levels left.
You didn't know any spells.
Your spell library contained the following spells:

 Spells                   Type           Power      Damage    Failure   Level
 Cigotuvi's Dreadful Rot  Necr/Alch/Air  0%         N/A       47%         2
 Stone Arrow              Conj/Erth      0%         3d7       71%         3
 Brom's Barrelling Bould  Conj/Erth      0%         2d3       98%         4
 Ignite Poison            Fire/Alch      0%         N/A       98%         4
 Leda's Liquefaction      Alch/Erth      0%         N/A       98%         4
 Freezing Cloud           Conj/Ice/Air   0%         6-21      100%        5


Dungeon Overview and Level Annotations

Branches:
Dungeon (3/15)

Altars:

Annotations:
D:3 Grinder


Innate Abilities, Weirdness & Mutations

You are a hulking beast.
Your limbs bulge with bestial killing power. (Slay +1)
You are too large for most types of armour.
You have a pair of small horns on your head.
You have tough skin. (AC +1)
You gain doubled healing and magic from potions.
Whenever you drink a healing potion, you attack all around you.


Message History

Grinder is heavily wounded.
Grinder completely misses you.
You hit Grinder but do no damage.
Grinder is heavily wounded.
Grinder closely misses you.
You hit Grinder but do no damage.
Grinder is heavily wounded.
Grinder hits you!
You take 6 damage, and have 18/36 hp.
You hit Grinder.
Grinder is heavily wounded.
Grinder hits you.
You writhe in agony.
You take 5 damage, and have 13/36 hp.
You barely miss Grinder.
Grinder is heavily wounded.
Grinder misses you.
You hit Grinder. Your headbutt misses Grinder.
Grinder is heavily wounded.
Grinder misses you.
You hit Grinder.
Grinder is severely wounded.
Grinder hits you.
You writhe in agony.
* * * LOW HITPOINT WARNING * * *
You take 6 damage, and have 7/36 hp.
You hit Grinder but do no damage. You headbutt Grinder.
Your punch misses Grinder.
Grinder is severely wounded.
Grinder closely misses you.
You hit Grinder.
Grinder is severely wounded.
You hit Grinder. Your headbutt misses Grinder.
Grinder is severely wounded.
Grinder hits you.
* * * LOW HITPOINT WARNING * * *
You take 5 damage, and have 2/36 hp.
You punch Grinder! Your headbutt misses Grinder.
Grinder is almost dead.
Grinder hits you.
You die...
Grinder sighs, "Dead already?
I want a refund."

#.########.#
#.#..<...#.#
#######.#.#....#.#
...............#.###
#######.#..........#
#########.#####.######
....................#
#########.#####.##.##
#.....5h...# #.##.#
#.######.#.# #.##.#
..#.# #.##.# ..# #
#.##.# #.## #.##.# ..
#.##.# ## #.#


You could see Grinder.

Vanquished Creatures
  An adder (D:2)
  An endoplasm (D:2)
  A giant cockroach (D:1)
  5 goblins
  6 hobgoblins
  2 jackals (D:2)
  5 kobolds (D:1)
  3 quokkas
  2 ball pythons
  4 bats
  3 frilled lizards
  5 rats
38 creatures vanquished.

Notes
Turn   | Place    | Note
-------+----------+-------------------------------------------
     0 | D:1      | Ofeo the Oni Shapeshifter began the quest for the Orb.
     0 | D:1      | Reached XP level 1. HP: 19/19 MP: 1/1
   110 | D:1      | Got the Compendium of Talus
   318 | D:1      | Reached XP level 2. HP: 25/28 MP: 2/2
   864 | D:1      | Found a faded altar of an unknown god.
   920 | D:2      | Reached XP level 3. HP: 32/35 MP: 3/3
  1823 | D:2      | Identified a scroll of acquirement
  1823 | D:2      | Acquired the ring "Ohujoar" {EV+5 Str+4}
  1917 | D:3      | Noticed Grinder
  1935 | D:3      | Slain by Grinder

Illustrated notes

Levels and vault maps discovered:
D:1:      ncdulo_smallfort, layout_loops_ring, chequers_ecumenical_altar_grove,
          grunt_decor_junction, chequers_serial_rivers_micro_c,
          serial_bayou_lagoon_a
D:2:      layout_loops_ring, minmay_3d_cube
D:3:      layout_basic, amcnicky_altar_gilded, gammafunk_ghost_smash,
          minmay_checkerbox, uniq_grinder

Skill      XL: |  1  2 |
---------------+-------+-----
Dodging        | 2 |  2.3
Fighting       | 2 |  2.5
Unarmed Combat | 3 |  3.1
Shapeshifting  | |  3.3

Action                     || total
---------------------------++-------
  Melee: Unarmed           ||   116
         Headbutt          ||    14
         Punch             ||     2
    Use: Scroll            ||     4
   Stab: Sleeping          ||     1
 Armour: Animal skin       ||    60
  Dodge: Dodged            ||    47

Table legend: (Time is in decaauts)
 A = Elapsed time spent in this place.
 B = Non-inter-level travel time spent in this place.
 C = Inter-level travel time spent in this place.
 D = Time resting spent in this place.
 E = Time spent auto-exploring this place.
 F = Levels seen in this place.
 G = Mean time per level.
                   A        B        C        D        E       F      G
               +--------+--------+--------+--------+--------+-----+--------+
         Total |   1926 |   1862 |     64 |      0 |   1598 |   3 |  642.0 |
       Dungeon |   1926 |   1862 |     64 |      0 |   1598 |   3 |  642.0 |
               +--------+--------+--------+--------+--------+-----+--------+

Top non-repeatable levels by time:
     D:2: 976 daAuts
     D:1: 889 daAuts
     D:3: 60 daAuts
